Map: Apotheosis LE

Players

BaoTsetung

  • Race: Protoss Protoss
  • League: Diamond

Crow - Winner!

  • Race: Zerg Zerg

VOD

Have the link to the VOD?

Description

Time

  • Played on: Oct. 19, 2016, 4:09 a.m.
  • Length: 13:27
Show
View Real Time Build Order
Export as new Build Order

BaoTsetung Protoss 

Build Orders: 1 Gate Expand 

Get SALT Encoding   

  12  0:01  Probe (Chrono Boost)  
  13  0:12  Probe (Chrono Boost)  
  14  0:27  Probe (Chrono Boost)  
  15  0:30  Pylon  
  15  0:48  Probe (Chrono Boost)  
  15  0:49  Gateway  
  16  0:59  Gateway  
  16  1:01  Pylon  
  16  1:02  Probe (Chrono Boost)  
  17  1:30  Nexus, Unknown  
  17  1:37  Cybernetics Core  
  17  1:38  Probe (Chrono Boost)  
  18  1:41  Assimilator  
  18  1:45  Assimilator  
  18  1:48  Zealot  
  20  1:57  Probe (Chrono Boost)  
  21  2:11  Probe (Chrono Boost)  
  21  2:12  Adept  
  24  2:25  Probe (Chrono Boost)  
  24  2:26  Pylon, Warp Gate  
  25  2:37  Probe (Chrono Boost)  
  25  2:40  Adept  
  25  2:41  Unknown  
  25  2:43  Probe (Chrono Boost)  
  28  2:49  Probe (Chrono Boost)  
  29  2:54  Mothership Core (Chrono Boost)  
  31  3:01  Probe (Chrono Boost)  
  32  3:10  Robotics Facility  
  32  3:16  Probe (Chrono Boost)  
  32  3:19  Probe (Chrono Boost)  
  34  3:27  Probe (Chrono Boost)  
  35  3:31  Gateway  
  35  3:32  Probe (Chrono Boost)  
  36  3:38  Probe (Chrono Boost)  
  37  3:42  Gateway  
  37  4:16  Immortal  
  35  4:20  Probe (Chrono Boost)  
  35  4:21  Probe (Chrono Boost)  
  39  4:30  Pylon  
  39  4:34  Probe (Chrono Boost)  
  39  4:37  Probe (Chrono Boost)  
  41  4:39  Twilight Council  
  41  4:43  Stalker x2  
  41  4:44  Stalker  
  47  4:47  Probe (Chrono Boost)  
  47  4:48  Probe (Chrono Boost)  
  47  4:50  Warp Prism  
  49  4:56  Robotics Bay  
  49  4:59  Probe (Chrono Boost)  
  53  5:01  Probe (Chrono Boost)  
  53  5:02  Assimilator  
  53  5:04  Resonating Glaives  
  53  5:05  Assimilator  
  53  5:10  Probe (Chrono Boost)  
  53  5:13  Probe (Chrono Boost), Pylon  
  55  5:30  Adept  
  55  5:31  Adept, Probe x2 (Chrono Boost)  
  55  5:34  Adept  
  63  5:44  Disruptor  
  63  5:49  Probe x2 (Chrono Boost)  
  68  5:51  Stalker  
  70  5:58  Gateway  
  70  6:00  Gateway  
  70  6:02  Gateway  
  70  6:07  Pylon  
  70  6:28  Adept  
  70  6:29  Adept x2  
  76  6:33  Blink  
  76  6:48  Pylon  
  76  6:49  Disruptor, Pylon  
  75  7:21  Stargate x2  
  73  7:22  Disruptor  
  73  7:25  Stalker x5, Pylon  
  73  7:26  Stalker  
  82  7:46  Probe x2 (Chrono Boost)  
  84  8:02  Nexus, Unknown  
  84  8:04  Phoenix  
  84  8:05  Phoenix, Pylon  
  88  8:07  Observer  
  88  8:08  Pylon  
  69  8:48  Stalker x3  
  65  8:49  Stalker x3  
  65  8:50  Phoenix x2  
  75  8:57  Fleet Beacon  
  75  9:02  Assimilator  
  73  9:04  Assimilator  
  73  9:14  Unknown  
  71  9:29  Phoenix  
  71  9:30  Phoenix  
  64  9:39  Stalker  
  64  9:40  Stalker x4  
  74  10:00  Anion Pulse-Crystals  
  74  10:11  Nexus, Unknown  
  74  10:34  Nexus, Unknown, Stalker x2  
  74  10:35  Stalker x2  
  53  10:55  Disruptor  
  53  10:58  Stalker x4  
  53  10:59  Stalker x2  
  63  11:06  Phoenix  
  59  11:25  Stalker  
  59  11:26  Stalker x3  
  67  11:35  Pylon  
  67  11:43  Phoenix x2  
  71  12:04  Disruptor  
  71  12:11  Nexus, Unknown  
  43  12:34  Stalker x2  
  43  12:35  Stalker x4  
  53  12:38  Phoenix  
Show
View Real Time Build Order
Export as new Build Order

Crow Zerg - Winner!

Build Orders: Hatch First 

Get SALT Encoding   

  12  0:00  Drone  
  13  0:12  Overlord  
  13  0:17  Drone  
  14  0:32  Drone x2  
  16  0:37  Drone  
  17  0:47  Drone  
  18  0:58  Unknown, Hatchery  
  18  0:59  Drone  
  18  1:01  Extractor  
  17  1:07  Drone  
  18  1:19  Spawning Pool  
  17  1:26  Drone  
  18  1:34  Drone  
  18  1:39  Overlord  
  19  1:49  Drone  
  20  2:06  Metabolic Boost, Queen  
  20  2:08  Zergling x2  
  23  2:09  Unknown  
  23  2:10  Queen  
  23  2:13  Zergling x2  
  26  2:17  Drone  
  26  2:20  Drone  
  28  2:23  Drone  
  29  2:38  Drone  
  29  2:39  Drone  
  29  2:42  Overlord  
  31  2:48  Queen  
  33  2:51  Overlord  
  33  2:55  Drone  
  33  2:58  Drone  
  35  3:09  Drone x2  
  36  3:23  Drone x4  
  40  3:28  Drone  
  41  3:41  Evolution Chamber  
  41  3:43  Roach Warren  
  41  3:44  Drone x2  
  41  3:45  Unknown, Hatchery  
  41  3:46  Extractor  
  41  3:47  Evolution Chamber  
  38  3:50  Drone  
  39  4:05  Drone x3  
  41  4:12  Drone x3  
  41  4:13  Drone  
  43  4:17  Spine Crawler  
  43  4:21  Extractor  
  42  4:28  Drone x2  
  44  4:32  Zerg Ground Armor Level 1, Zerg Missile Weapons Level 1  
  44  4:40  Drone x3  
  47  4:48  Lair  
  47  4:50  Overlord x2  
  47  4:56  Unknown, Drone x4  
  47  4:58  Unknown, Hatchery  
  50  5:05  Overlord x2  
  50  5:07  Drone x2  
  50  5:08  Drone x2  
  50  5:13  Drone x2  
  56  5:22  Drone x3  
  56  5:26  Extractor  
  58  5:29  Drone x4  
  58  5:30  Extractor  
  61  5:48  Drone x6  
  67  5:53  Drone  
  67  5:54  Drone x2  
  67  5:55  Drone x3  
  73  6:06  Glial Reconstitution, Spire  
  73  6:07  Extractor  
  73  6:10  Unknown  
  71  6:15  Overlord x2  
  71  6:16  Overlord  
  71  6:20  Spine Crawler  
  71  6:23  Queen  
  71  6:28  Roach  
  71  6:29  Roach x7  
  76  6:48  Queen  
  62  7:02  Drone x5  
  62  7:03  Drone x6  
  62  7:05  Drone x2  
  62  7:07  Unknown, Hatchery  
  71  7:26  Drone x3  
  71  7:27  Mutalisk  
  71  7:28  Mutalisk x7  
  90  7:30  Mutalisk  
  90  7:34  Drone x2  
  94  7:43  Queen  
  96  7:51  Queen  
  98  8:00  Overlord x3  
  98  8:01  Drone x3  
  98  8:02  Drone x3  
  104  8:07  Overlord x2  
  104  8:19  Unknown  
  103  8:23  Mutalisk x5  
  97  8:32  Mutalisk x3  
  97  8:33  Mutalisk  
  97  8:51  Drone  
  97  8:52  Drone x8  
  106  8:56  Queen x3  
  112  9:11  Roach x7  
  124  9:38  Roach  
  124  9:39  Roach x17  
  158  9:59  Overlord  
  158  10:00  Overlord x3  
  158  10:08  Zerg Ground Armor Level 2, Zerg Missile Weapons Level 2  
  158  10:11  Infestation Pit  
  133  10:46  Mutalisk  
  133  10:47  Mutalisk x11  
  135  11:26  Drone  
  135  11:27  Drone x6  
  135  11:29  Extractor  
  135  11:30  Extractor  
  140  11:33  Hive  
  140  11:36  Ravager x5  
  140  11:37  Ravager x2  
  140  11:38  Ravager  
  140  11:39  Zergling x2  
  154  11:40  Zergling x28  
  163  11:49  Overlord  
  163  11:56  Unknown, Hatchery  
  163  11:59  Roach x4  
  163  12:00  Roach x3  
  134  12:58  Zergling x6  
  133  12:59  Zergling x30  
  146  13:07  Unknown  
Tags
 
Add a new tag
Caveats
  • Supply blocks, unpowered buildings, or Contaminate may cause inaccurate times.
  • Supply counts are checked every 10 seconds.